 Dungeon Crawl Stone Soup version 0.21.1-1-g345015f (webtiles) character file.

135 lysyklops the Skirmisher (level 4, 0/40 HPs)
             Began as a Draconian Fighter on July 24, 2018.
             Slain by an orc
             ... wielding a +0 short sword
              (3 damage)
             ... on level 3 of the Dungeon.
             The game lasted 00:04:38 (2187 turns).

lysyklops the Skirmisher (Draconian Fighter)        Turns: 2187, Time: 00:04:40

Health: 0/40       AC:  5    Str: 18    XL:     4   Next: 97%
Magic:  4/4        EV: 11    Int:  9    God:
Gold:   207        SH:  9    Dex: 11    Spells: 3/3 levels left

rFire    . . .     SeeInvis .   a - +0 long sword
rCold    . . .     Gourm    .   b - +0 shield
rNeg     . . .     Faith    .   (armour unavailable)
rPois    .         Spirit   .   (helmet restricted)
rElec    .         Reflect  .   (no cloak)
rCorr    .         Harm     .   (no gloves)
MR       .....                  (no boots)
Stlth    +.........             (no amulet)
HPRegen  0.13/turn              (no ring)
MPRegen  0.09/turn              (no ring)

@: no status effects
A: unfitting armour, cold-blooded, AC +5
a: no special abilities


You were on level 3 of the Dungeon.
You were hungry.

You visited 1 branch of the dungeon, and saw 4 of its levels.

You collected 207 gold pieces.

Inventory:

Hand Weapons
 a - a +0 long sword (weapon)
Armour
 b - a +0 shield (worn)
Jewellery
 j - a cursed ring of teleportation {unknown}
 t - an uncursed ring of see invisible {unknown}
Wands
 u - a wand of flame (26)
Scrolls
 f - a scroll of immolation {unknown}
 h - 3 scrolls of teleportation {unknown}
 i - a scroll of magic mapping {unknown}
 k - 6 scrolls of identify {unknown}
 m - 7 scrolls of remove curse {unknown}
 p - a scroll of enchant armour {unknown}
 s - a scroll of noise {unknown}
Potions
 c - 2 potions of might
 e - 2 potions of degeneration {unknown}
 g - 3 potions of brilliance {unknown}
 l - a potion of agility {unknown}
 n - 3 potions of heal wounds {unknown}
 o - a potion of haste {unknown}
 q - a potion of curing {unknown}
 r - a potion of magic {unknown}
Comestibles
 d - 7 rations


   Skills:
 + Level 3.9 Fighting
 + Level 3.5 Long Blades
 + Level 3.3 Dodging
 + Level 3.8 Shields


You had 3 spell levels left.
You didn't know any spells.

Dungeon Overview and Level Annotations

Branches:
Dungeon (4/15)
 Temple: D:4-7

Altars:


Innate Abilities, Weirdness & Mutations

Your plain brown scales are hard. (AC +5)
You cannot fit into any form of body armour.
You are cold-blooded and may be slowed by cold attacks.


Message History

You tail-slap the gnoll, but do no damage.
The gnoll is moderately wounded.
The gnoll hits you with a spear. The orc barely misses you.
You block the gnoll's attack. The gnoll hits you with a spear.
You slash the gnoll!
The gnoll is almost dead.
The orc barely misses you. The gnoll hits you with a club.
The gnoll misses you. The orc hits you but does no damage.
You closely miss the gnoll.
The gnoll is almost dead.
The gnoll hits you with a club.
* * * LOW HITPOINT WARNING * * *
The gnoll hits you with a spear.
* * * LOW HITPOINT WARNING * * *
The orc hits you with a short sword.
* * * LOW HITPOINT WARNING * * *
You barely miss the gnoll.
The gnoll is almost dead.
You block the gnoll's attack. x2; The orc hits you with a short sword.
You die...

######### #........ #........
##############........
########...o@go..†..+........
#......#.###g#.....##........
#.........##.#.....##.......[
#............'.....'.........
#....†..#.####.....##########
#.......#....####### #
#.......#....# #######
#......##.#..# #......
###.......#..#### #......


You could see 2 gnolls and 2 orcs.

Vanquished Creatures
  Jessica (D:2)
  3 adders (D:3)
  3 dart slugs
  5 orcs (D:3)
  6 giant cockroaches
  8 goblins
  9 hobgoblins
  7 jackals (D:3)
  4 kobolds
  2 ball pythons
  11 bats
  4 frilled lizards
  4 rats
67 creatures vanquished.

Notes
Turn   | Place    | Note
-------+----------+-------------------------------------------
     0 | D:1      | lysyklops the Draconian Fighter began the quest for the Orb.
     0 | D:1      | Reached XP level 1. HP: 19/19 MP: 1/1
   152 | D:1      | Reached XP level 2. HP: 26/26 MP: 2/2
   772 | D:2      | Reached XP level 3. HP: 31/31 MP: 3/3
   831 | D:2      | Noticed Jessica
   840 | D:2      | Killed Jessica
  1080 | D:2      | Reached XP level 4. HP: 38/40 MP: 4/4
  2186 | D:3      | HP: 2/40 [orc/short sword (6)]
  2187 | D:3      | Slain by an orc

Skill      XL: |  1  2  3  4 |
---------------+-------------+-----
Dodging        | 3 |  3.3
Long Blades    | 3 |  3.5
Fighting       | |  3.9
Shields        | |  3.8

Action                   |  1- 3 |  4- 6 || total
-------------------------+-------+-------++-------
Melee: Long sword        |   117 |   116 ||   233
       Tailslap          |     8 |    10 ||    18
  Eat: Chunk             |     1 |     3 ||     4
Armor: Skin              |    33 |    55 ||    88
Dodge: Dodged            |    71 |    88 ||   159
Block: Shield            |    77 |    92 ||   169
       Rpst.: Long sword |    23 |    25 ||    48
